 Dungeon Crawl Stone Soup version 0.23-a0-393-g6e9e0f2 (webtiles) character file.

54 galech the Skirmisher (level 3, 0/29 HPs)
             Began as a Demonspawn Fighter on Oct 31, 2018.
             Succumbed to an adder's poison
             ... on level 2 of the Dungeon.
             The game lasted 00:01:35 (974 turns).

galech the Skirmisher (Demonspawn Fighter)           Turns: 974, Time: 00:01:36

Health: 0/29       AC: 13    Str: 16    XL:     3   Next: 66%
Magic:  3/3        EV: 12    Int:  9    God:
Gold:   33         SH:  9    Dex: 18    Spells: 2/2 levels left

rFire    . . .     SeeInvis .   a - +0 war axe
rCold    . . .     Gourm    .   c - +0 shield
rNeg     . . .     Faith    .   b - +0 scale mail
rPois    .         Spirit   .   (no helmet)
rElec    .         Reflect  .   (no cloak)
rCorr    .         Harm     .   m - +0 pair of gloves
MR       .....                  (no boots)
Stlth    +.........             (no amulet)
HPRegen  0.09/turn              (no ring)
MPRegen  0.08/turn              (no ring)

@: agile, lethally poisoned (0 -> -2), sanguine armour
A: rot immunity, sanguine armour 1
a: no special abilities


You were on level 2 of the Dungeon.
You were not hungry.

You visited 1 branch of the dungeon, and saw 2 of its levels.

You collected 33 gold pieces.

Inventory:

Hand Weapons
 a - a +0 war axe (weapon)
Armour
 b - a +0 scale mail (worn)
 c - a +0 shield (worn)
 m - a +0 pair of gloves (worn)
Scrolls
 e - a scroll of identify {unknown}
 h - a scroll of blinking {unknown}
 i - a scroll of fear {unknown}
 k - a scroll of enchant weapon {unknown}
 l - a scroll of magic mapping {unknown}
Potions
 d - a potion of might
Comestibles
 f - 5 rations
 g - 2 chunks of flesh


   Skills:
 + Level 3.3 Fighting
 + Level 2.5 Axes
 + Level 3.0 Armour
 + Level 0.1 Dodging
 + Level 3.1 Shields


You had 2 spell levels left.
You didn't know any spells.
Your spell library was empty.

Dungeon Overview and Level Annotations

Branches:
Dungeon (2/15)

Altars:


Innate Abilities, Weirdness & Mutations

You are immune to rotting.
When seriously injured, your bleeding wounds create armour. (AC +6)


Message History

a +0 club; an adder corpse; a goblin corpse It was a potion of agility.
You feel agile all of a sudden.
* * * LOW HITPOINT WARNING * * *
You feel sick.
Things that are here:
a +0 club; a hobgoblin corpse You butcher the hobgoblin corpse.
Things that are here:
a +0 club; a chunk of flesh; a hobgoblin skeleton
There is a lethal amount of poison in your body!
There is a lethal amount of poison in your body!
There is a lethal amount of poison in your body!
* * * LOW HITPOINT WARNING * * *
You feel sick.
* * * LOW HITPOINT WARNING * * *
You feel sick.
* * * LOW HITPOINT WARNING * * *
You feel sick.
You die...

..## ..... ..# .... ..
... . ##.##.. ### ..
##...#.# ##...
#..#$.#...# #.....
##..)###.###.... # #
#..#)@#....# ..
..##........# .#
.#..[##.##..######.#
.....##............# ..
#..................#...
..#.#...<..#..........#
.......##..........#.
..#.#.. #...###.##.#
......# #...........#


There were no monsters in sight!

Vanquished Creatures
  An adder (D:2)
  2 worms (D:2)
  A leopard gecko (D:1)
  5 bats
  A giant cockroach (D:1)
  7 goblins
  4 hobgoblins
  4 jackals (D:1)
  2 frilled lizards
  4 kobolds (D:1)
  7 rats (D:1)
38 creatures vanquished.

Notes
Turn   | Place    | Note
-------+----------+-------------------------------------------
     0 | D:1      | galech the Demonspawn Fighter began the quest for the Orb.
     0 | D:1      | Reached XP level 1. HP: 18/18 MP: 1/1
   219 | D:1      | Gained mutation: When seriously injured, your bleeding
                  | wounds create armour. (AC +6) [demonic ancestry]
   219 | D:1      | Reached XP level 2. HP: 24/24 MP: 2/2
   457 | D:1      | Gained mutation: You are immune to rotting. [demonic
                  | ancestry]
   457 | D:1      | Reached XP level 3. HP: 29/29 MP: 3/3
   966 | D:2      | HP: 1/29 [poisoned by an adder]
   974 | D:2      | Succumbed to an adder's poison

Vault maps used:
D:1:      dpeg_arrival_rooms_a, minmay_box_of_dots
D:2:      kennysheep_six_static_rooms, lemuel_round_altar, lemuel_round_altar,
          serial_glass, glass_columns_a, glass_columns_a, glass_columns_c,
          glass_columns_c, minmay_strange_pillars, columned_hall_lemuel

Skill      XL: |  1  2  3 |
---------------+----------+-----
Axes           | 2 |  2.5
Shields        | 3 |  3.1
Armour         | 3 |  3.0
Fighting       | |  3.3
Dodging        | |  0.1

Action                   || total
-------------------------++-------
Melee: War axe           ||    95
  Use: Potion            ||     1
Armor: Scale mail        ||    67
Dodge: Dodged            ||    22
Block: Shield            ||    57

Table legend:
 A = Non-vault XP
 B = Vault XP
 C = Vault XP percentage of total XP
 D = Non-vault monster count
 E = Vault monster count
 F = Vault count percentage of total count
                 A         B        C        D         E       F
            +---------+---------+-------+---------+---------+-------
      Total |      70 |       8 |  10.3 |      34 |       4 |  10.5
            +---------+---------+-------+---------+---------+-------
        D:1 |      41 |       8 |  16.3 |      27 |       4 |  12.9
        D:2 |      29 |       0 |   0.0 |       7 |       0 |   0.0
            +---------+---------+-------+---------+---------+-------
